 Dungeon Sprint DCSS version 0.23.2-30-g0e89c35649 (webtiles) character file.

Game seed: 11543579510008819366

201 HASTUR3 the Martial Artist (level 5, 0/38 HPs)
             Began as a Demonspawn Gladiator on June 19, 2019.
             Was a Priest of Uskayaw.
             Slain by a hornet (10 damage)
             ... while paralysed by a hornet
             ... in the Dungeon (Sprint IX: "|||||||||||||||||||||||||||||").
             The game lasted 00:02:33 (345 turns).

HASTUR3 the Martial Artist (Demonspawn Gladiator)    Turns: 345, Time: 00:02:34

Health: 0/38       AC:  4    Str: 14    XL:     5   Next: 50%
Magic:  5/5        EV:  2    Int: 10    God:    Uskayaw [***...]
Gold:   0          SH:  0    Dex: 15    Spells: 4/4 levels left

rFire    . . .     SeeInvis .     - Unarmed
rCold    . . .     Gourm    .   (no shield)
rNeg     . . .     Faith    .   a - +0 leather armour
rPois    .         Spirit   .   b - +0 helmet
rElec    .         Reflect  .   (no cloak)
rCorr    .         Harm     .   (no gloves)
MR       .....     NoTele   +   (no boots)
Stlth    +.........             (no amulet)
HPRegen  0.12/turn              (no ring)
MPRegen  0.09/turn              (no ring)

@: paralysed, lethally poisoned (0 -> -6), slowed
A: powered by pain 2, sturdy frame 1
a: Stomp, Line Pass, Renounce Religion


You were in the Dungeon.
You worshipped Uskayaw.
Uskayaw was noncommittal.
You were not hungry.

You visited 1 branch

Inventory:

Missiles
 c - 3 throwing nets (quivered)
Armour
 a - a +0 leather armour (worn)
 b - a +0 helmet (worn)
 n - a +0 pair of boots
 o - a +0 pair of gloves
 p - a +1 chain mail
Jewellery
 q - a +3 ring of dexterity
 r - a +2 ring of protection
Wands
 k - a wand of iceblast (10)
Scrolls
 j - 2 scrolls of blinking
 l - 3 scrolls of remove curse
 m - 2 scrolls of amnesia
Potions
 e - 5 potions of curing
 f - 3 potions of heal wounds
 g - a potion of haste
 h - 4 potions of magic
 i - a potion of invisibility
Comestibles
 d - a ration


   Skills:
 - Level 2.0 Fighting
 - Level 1.7 Throwing
 - Level 2.6 Dodging
 - Level 10.8 Unarmed Combat
 + Level 0.0 Invocations


You had 4 spell levels left.
You didn't know any spells.
Your spell library was empty.

Dungeon Overview and Level Annotations

Branches:
Dungeon (1/1)

Altars:
Cheibriados
Dithmenos
Elyvilon
Fedhas
Gozag
Hepliaklqana
Kikubaaqudgha
Makhleb
Nemelex Xobeh
Okawaru
Qazlal
Ru
Sif Muna
Trog
Uskayaw
Vehumet
Wu Jian
Xom
Yredelemnul
Zin
The Shining One
Beogh
Jiyva
Lugonu


Innate Abilities, Weirdness & Mutations

You sometimes gain power by taking damage.
Your movements are slightly less encumbered by armour. (ER -2)


Message History

Aim: a hornet (lightly wounded)
Okay, then.
Okay, then.
Aiming: Line Pass
Press: ? - help, Dir - move target cursor, f - yak
Aim: a yak You can't stand on top of the monster!
Aiming: Line Pass
Press: ? - help, Dir - move target cursor, f - you, p - yak
Okay, then.
You barely miss the hornet.
The hornet is lightly wounded.
The hornet stings you!
You are poisoned.
You suddenly lose the ability to move!
The hornet stings you.
* * * LOW HITPOINT WARNING * * *
You feel as though you will be slow longer.
You feel sick. The hornet stings you!
You die...

▓.▓
▓.▓
▓.▓
▓Y▓
▓h▓
▓H▓
▓y▓
▓@▓
▓.▓
▓.▓
▓.▓
▓.▓
▓)▓
▓|▓
▓.▓
▓.▓


You could see a hippogriff, a yak, a hornet and a hound.

Vanquished Creatures
  An ogre (D)
  A black bear (D)
  A gnoll (D)
  An adder (D)
  An orc (D)
  A bat skeleton (D)
  A giant cockroach (D)
  2 goblins (D)
  A kobold (D)
  A leopard gecko zombie (D)
  A rat (D)
12 creatures vanquished.

Notes
Turn   | Place    | Note
-------+----------+-------------------------------------------
     0 | D        | HASTUR3 the Demonspawn Gladiator began the quest for the
                  | Orb.
     0 | D        | Reached XP level 1. HP: 16/16 MP: 1/1
     9 | D        | Reached skill level 3 in Unarmed Combat
    33 | D        | Reached skill level 4 in Unarmed Combat
    45 | D        | Noticed an ogre
    48 | D        | Reached skill level 5 in Unarmed Combat
    48 | D        | Gained mutation: You sometimes gain a little power by
                  | taking damage. [demonic ancestry]
    48 | D        | Reached XP level 2. HP: 22/22 MP: 2/2
    52 | D        | Killed an ogre
    52 | D        | Reached skill level 8 in Unarmed Combat
    52 | D        | Reached XP level 3. HP: 25/27 MP: 3/3
    52 | D        | Gained mutation: You sometimes gain power by taking damage.
                  | [demonic ancestry]
    52 | D        | Reached XP level 4. HP: 30/33 MP: 4/4
    57 | D        | Reached skill level 9 in Unarmed Combat
    92 | D        | Found a roughly hewn altar of Beogh.
    92 | D        | Found a snail-covered altar of Cheibriados.
    92 | D        | Found a shadowy altar of Dithmenos.
    92 | D        | Found a white marble altar of Elyvilon.
    92 | D        | Found a blossoming altar of Fedhas.
    92 | D        | Found an opulent altar of Gozag.
    93 | D        | Found a hazy altar of Hepliaklqana.
    94 | D        | Found a viscous altar of Jiyva.
    95 | D        | Found an ancient bone altar of Kikubaaqudgha.
    96 | D        | Found a corrupted altar of Lugonu.
    97 | D        | Found a burning altar of Makhleb.
    98 | D        | Found a sparkling altar of Nemelex Xobeh.
    99 | D        | Found an iron altar of Okawaru.
   100 | D        | Found a stormy altar of Qazlal.
   101 | D        | Found a sacrificial altar of Ru.
   102 | D        | Found a deep blue altar of Sif Muna.
   103 | D        | Found a bloodstained altar of Trog.
   104 | D        | Found a hide-covered altar of Uskayaw.
   105 | D        | Found a radiant altar of Vehumet.
   106 | D        | Found an ornate altar of the Wu Jian Council.
   107 | D        | Found a shimmering altar of Xom.
   108 | D        | Found a basalt altar of Yredelemnul.
   109 | D        | Found a glowing silver altar of Zin.
   112 | D        | Found a glowing golden altar of the Shining One.
   137 | D        | Became a worshipper of Uskayaw the Reveler
   334 | D        | Noticed a yak
   334 | D        | Noticed a hippogriff
   334 | D        | Noticed a hornet
   334 | D        | Noticed a black bear
   337 | D        | Reached * piety under Uskayaw
   339 | D        | Reached ** piety under Uskayaw
   342 | D        | Killed a black bear
   342 | D        | Reached skill level 10 in Unarmed Combat
   342 | D        | Gained mutation: Your movements are slightly less
                  | encumbered by armour. (ER -2) [demonic ancestry]
   342 | D        | Reached XP level 5. HP: 29/38 MP: 5/5
   342 | D        | Reached *** piety under Uskayaw
   344 | D        | Paralysed by a hornet for 3 turns
   345 | D        | Slain by a hornet

Skill      XL: |  1  2  3  4 |
---------------+-------------+-----
Unarmed Combat | 5 8 10 | 10.8
Fighting       | |  2.0
Throwing       | |  1.7
Dodging        | |  2.6

Action                   |  1- 3 |  4- 6 || total
-------------------------+-------+-------++-------
Melee: Unarmed           |    37 |    21 ||    58
       Punch             |     1 |       ||     1
  Use: Potion            |     1 |       ||     1
 Stab: Paralysed         |       |     1 ||     1
Armor: Leather armour    |     8 |     3 ||    11
Dodge: Dodged            |    21 |    18 ||    39
